 Dungeon Crawl Stone Soup version 0.30-a0-852-g08b95dd62f (webtiles) character file.

Game seed: 11644801691991398166

3909 jimonade the Thaumaturge (level 10, -15/67 HPs)
             Began as a Djinni Warper on Mar 5, 2023.
             Was a Believer of Okawaru.
             Demolished by an enormous slime creature (79 damage)
             ... on level 8 of the Dungeon.
             The game lasted 00:22:42 (9162 turns).

jimonade the Thaumaturge (Djinni Warper)            Turns: 9162, Time: 00:22:42

Health: -15/67     AC:  5    Str: 14    XL:     10   Next: 43%
Gold:   368        EV: 23    Int: 16    God:    Okawaru [**....] SH:  5 Dex: 12

rFire   + + +      SeeInvis .    a - +1 dagger (venom)
rCold   + . .      Faith    .    M - orb {light}
rNeg    . . .      Spirit   .    R - +2 robe {rC+}
rPois   ∞          Reflect  +    (no helmet)
rElec   .          Rampage  .    w - scarf {rC+ rF+}
rCorr   .                        N - +0 pair of gloves
Will    +....                    (boots unavailable)
Stlth   +                        n - amulet of reflection
HPRegen 0.31/turn                H - +5 ring of evasion
MPRegen 0.00/turn                L - +5 ring of evasion

@: flying, glowing
A: sickness immunity, fire resistance 2, cold vulnerability 1, float, innate
caster, HP casting, extra vitality 1
a: Renounce Religion, Heroism


You were on level 8 of the Dungeon.
You worshipped Okawaru.
Okawaru was pleased with you.
You visited 2 branches of the dungeon, and saw 9 of its levels.

You collected 368 gold pieces.

Inventory:

Hand Weapons
 a - a +1 dagger of venom (weapon)
 b - a +2 hand axe of flaming
 o - a +0 whip
 v - a +0 short sword
 D - a +0 dagger of venom
 G - a +1 mace of holy wrath
 P - a +5 spear
 Q - a +2 dagger of chaos
Missiles
 d - 6 boomerangs of dispersal
 F - a throwing net
 I - 2 poisoned darts
 O - 4 javelins
Armour
 h - a +1 ring mail
 w - a scarf of resistance (worn)
 A - a +0 leather armour
 E - a +1 chain mail of fire resistance
 M - an orb of light (worn)
 N - a +0 pair of gloves (worn)
 R - a +2 robe of cold resistance (worn)
Jewellery
 n - an amulet of reflection (around neck)
 B - a ring of ice
 C - a ring of resist corrosion
 H - a +5 ring of evasion (left hand)
 L - a +5 ring of evasion (right hand)
Wands
 K - a wand of iceblast (10)
Scrolls
 c - a scroll of blinking
 f - a scroll of fog {unknown}
 j - a scroll of silence {unknown}
 k - 2 scrolls of brand weapon {unknown}
 l - a scroll of vulnerability
 p - 2 scrolls of teleportation
 q - 4 scrolls of fear
 s - 2 scrolls of enchant armour
 u - a scroll of magic mapping {unknown}
 x - a scroll of enchant weapon {unknown}
 y - a scroll of torment {unknown}
 S - a scroll of identify
Potions
 e - 2 potions of lignification
 g - 9 potions of curing
 i - 3 potions of brilliance
 m - a potion of attraction
 r - 2 potions of berserk rage
 t - a potion of heal wounds
 z - a potion of might
 J - a potion of invisibility


   Skills:
 + Level 3.2 Fighting
 + Level 3.3 Short Blades
 + Level 2.6 Axes
 + Level 1.1 Throwing
 + Level 5.3 Armour
 + Level 4.5 Dodging
 - Level 0.6 Stealth
 + Level 2.4 Shields
 * Level 9.0 Spellcasting


You knew the following spells:

 Your Spells              Type           Power      Damage    Failure   Level
a - Blink                 Tloc           72%        N/A       1%          2
b - Lesser Beckoning      Tloc           72%        N/A       1%          2
c - Vhi's Electric Charg  Tloc/Air       72%        N/A       1%          3
d - Teleport Other        Tloc           36%        N/A       1%          3
e - Manifold Assault      Tloc           36%        N/A       2%          4
f - Necrotise             Necr           100%       1d9       1%          1
g - Momentum Strike       Conj/Tloc      72%        3d10      1%          2
h - Inner Flame           Hex/Fire       36%        N/A       1%          3
i - Stone Arrow           Conj/Erth      72%        3d11      1%          3
Your spell library was empty.

Dungeon Overview and Level Annotations

Branches:
Dungeon (8/15)             Temple (1/1) D:6
   Lair: D:8-11

Altars:
Ashenzari
Cheibriados
Dithmenos
Elyvilon
Fedhas
Gozag
Hepliaklqana
Makhleb
Nemelex Xobeh
Okawaru
Qazlal
Ru
Trog
Uskayaw
Wu Jian
Xom
Yredelemnul
Zin
The Shining One

Shops:
D:1 :   D:2 :!(   D:4 :*([


Innate Abilities, Weirdness & Mutations

You are immune to sickness and miasma.
You are immune to poison.
Your flesh is very heat resistant. (rF++)
You are vulnerable to cold. (rC-)
You float through the air rather than walking.
You learn spells naturally, not from books.
Your magical power is your life essence.
You have superior vitality. (+4 MHP)


Message History

The slime creature quivers.
You hit the slime creature but do no damage.
The slime creature is heavily wounded.
You block the slime creature's attack.
The slime creature is engulfed in blazing flames.
You hit the slime creature.
Flame seeps out of the slime creature.
The slime creature is heavily wounded.
The slime creature is engulfed in blazing flames.
Flame seeps out of the slime creature.
You block the slime creature's attack.
Two slime creatures merge to form a large slime creature.
Casting: Inner Flame (safe; 1% risk of failure)
Confirm with . or Enter, or press ? or * to list all spells.
Aiming: Inner Flame (safe; 1% risk of failure)
Press: ? - help, Dir - move target, f - large slime creature, p - large slime creature
Aim: a large slime creature (haloed, chance to affect: 76%)
The large slime creature is filled with an inner flame.
A slime creature comes into view.
You hit the large slime creature.
Flame seeps out of the large slime creature.
The large slime creature is moderately wounded.
Two slime creatures merge to form an enormous slime creature.
You hit the enormous slime creature.
Flame seeps out of the enormous slime creature.
The enormous slime creature is lightly wounded.
Casting: Inner Flame (safe; 1% risk of failure)
Confirm with . or Enter, or press ? or * to list all spells.
Okay, then.
Unknown command.
The stone arrow hits the enormous slime creature!
Flame seeps out of the enormous slime creature.
The enormous slime creature is moderately wounded.
The enormous slime creature is engulfed in blazing flames.
Flame seeps out of the enormous slime creature.
The enormous slime creature attacks as you move away!
The enormous slime creature misses you.
The slime creature is engulfed in blazing flames.
The enormous slime creature attacks as you move away!
The enormous slime creature hits you!!!!
Ouch! That really hurt!
You die...

##### #######...#####
#...).....♣...## #########
#.###))........########........
#<# #)..<.....@JJ°.J.##.#######
#.# #.......##.#####.#...## #.#
##..♣..###.#####......##### #)#
##...## #......J.......... #.#
###..## #######......##### #.#
#.....# #.#...## ###.# #.#.#.#
#J###.# ....# #.#.#.# #.# #.#
###.####>....# ##.###.#


You could see an enormous slime creature (inner flame) and 2 slime creatures.

Vanquished Creatures
  Maggie (D:6)
  Psyche (D:8)
  A hornet (D:8)
  A wyvern (D:7)
  A steam dragon (D:8)
  A water moccasin (D:7)
  A sky beast (D:7)
  An orc warrior (D:8)
  A black bear (D:6)
  A centaur (D:8)
  3 ogres
  A kobold brigand (D:8)
  2 phantoms (D:5)
  5 bullfrogs
  A gnoll sergeant (D:8)
  A scorpion (D:7)
  10 wights (D:7)
  3 jellies
  5 orc priests
  4 hounds
  3 sleepcaps
  Jessica (D:2)
  2 iguanas
  5 orc wizards
  7 gnolls
  10 adders
  A shadow imp (D:7)
  2 white imps
  2 ufetubi
  2 worms (D:3)
  4 dart slugs
  27 orcs
  4 endoplasms
  5 giant cockroaches
  3 goblins
  5 hobgoblins
  14 kobolds
  3 quokkas
  6 ball pythons
  2 bats
  5 frilled lizards
  7 rats
165 creatures vanquished.

Vanquished Creatures (collateral kills)
  An adder (D:2)
  An orc (D:5)
  A ball python (D:2)
  A rat (D:1)
4 creatures vanquished.

Grand Total: 169 creatures vanquished

Notes
Turn   | Place    | Note
-------+----------+-------------------------------------------
     0 | D:1      | jimonade the Djinni Warper began the quest for the Orb.
     0 | D:1      | jimonade set off with the following spells memorised:
                  | Blink, Lesser Beckoning, Vhi's Electric Charge, Teleport
                  | Other, Manifold Assault.
     0 | D:1      | Reached XP level 1. HP: 18/18 MP: 0/0
   199 | D:1      | Reached XP level 2. HP: 23/23 MP: 0/0
   407 | D:1      | Reached XP level 3. HP: 19/28 MP: 0/0
   407 | D:1      | Learned a level 1 spell: Necrotise
   700 | D:1      | Found Mybawac's Book Shoppe.
   997 | D:1      | Reached skill level 3 in Spellcasting
  1151 | D:2      | Noticed Jessica
  1162 | D:2      | Killed Jessica
  1163 | D:2      | Reached XP level 4. HP: 10/33 MP: 0/0
  1287 | D:2      | Found Hag Heal's Book Shoppe.
  1550 | D:2      | Reached XP level 5. HP: 33/38 MP: 0/0
  1550 | D:2      | Learned a level 2 spell: Momentum Strike
  1950 | D:2      | Found Xatuatze's Weapon Shop.
  1952 | D:2      | Found Lurghune's Distillery.
  2503 | D:3      | Reached skill level 4 in Spellcasting
  2993 | D:3      | Reached XP level 6. HP: 29/43 MP: 0/0
  3504 | D:4      | Found Zesmeq's Weapon Shop.
  3609 | D:4      | Found Belav's Assorted Antiques.
  3612 | D:4      | Found Ythraiwe's Book Boutique.
  3626 | D:4      | Found a shimmering altar of Xom.
  3772 | D:4      | Noticed an ogre
  3783 | D:4      | Reached skill level 1 in Axes
  3787 | D:4      | Killed an ogre
  3788 | D:4      | Reached XP level 7. HP: 27/49 MP: 0/0
  3788 | D:4      | Learned a level 3 spell: Inner Flame
  3949 | D:4      | Found Beoxypn's Armour Emporium.
  4203 | D:5      | Entered Level 5 of the Dungeon
  4331 | D:5      | Reached skill level 5 in Spellcasting
  4728 | D:5      | HP: 2/49 [ogre/+0 giant spiked club (32)]
  4735 | D:5      | Reached skill level 1 in Shields
  4735 | D:5      | Reached XP level 8. HP: 4/55 MP: 0/0
  5237 | D:6      | Noticed Maggie
  5251 | D:6      | Killed Maggie
  5252 | D:6      | Reached skill level 1 in Throwing
  5774 | D:6      | Reached skill level 6 in Spellcasting
  5971 | D:6      | Reached XP level 9. HP: 56/60 MP: 0/0
  5971 | D:6      | Learned a level 3 spell: Stone Arrow
  6113 | D:6      | Found a staircase to the Ecumenical Temple.
  6158 | Temple   | Entered the Ecumenical Temple
  6226 | Temple   | Became a worshipper of Warmaster Okawaru
  6624 | D:7      | Reached skill level 7 in Spellcasting
  7059 | D:7      | Reached * piety under Okawaru
  7465 | D:7      | Reached skill level 8 in Spellcasting
  7828 | D:7      | Reached XP level 10. HP: 52/67 MP: 0/0
  8411 | D:8      | Noticed Psyche
  8433 | D:8      | Killed Psyche
  8433 | D:8      | Reached ** piety under Okawaru
  8554 | D:8      | Reached skill level 5 in Armour
  8554 | D:8      | Reached skill level 9 in Spellcasting
  9162 | D:8      | Demolished by an enormous slime creature

Illustrated notes

Levels and vault maps discovered:
D:1:      lightli_arrival_statuegarden, layout_loops_ring, serial_shops,
          shop_statue
D:2:      layout_loops_ring, serial_shops, nicolae_shop_bloodbath_and_beyond,
          nicolae_shop_waterfront, nicolae_square_shop, uniq_jessica
D:3:      cheibrodos_pilgrimage, layout_basic
D:4:      layout_basic, lemuel_crystal_altar, serial_shops, shop,
          nicolae_shop_trees, nicolae_shop_overgrown_old_shop,
          nicolae_shop_hallway_plus
D:5:      layout_gridville
D:6:      layout_loops_ring, minmay_temple_entry_wispy, uniq_maggie
D:7:      layout_loops_corners, chequers_serial_rivers_micro_c,
          minmay_misc_feat_more_columns, kennysheep_potato
D:8:      nicolae_hitomezashi [nicolae_hito_row, nicolae_hito_row,
          nicolae_hito_row, nicolae_hito_row, nicolae_hito_row,
          nicolae_hito_row, nicolae_hito_row, nicolae_hito_row,
          nicolae_hito_row, nicolae_hito_row, nicolae_hito_row,
          nicolae_hito_row, nicolae_hito_row, nicolae_hito_row,
          nicolae_hito_row, nicolae_hito_row, nicolae_hito_row,
          nicolae_hito_row], layout_loops_ring, grunt_ministairs_1, uniq_psyche
Temple:   nicolae_temple_slightly_damp_pantheon

Skill      XL: |  1  2  3  4  5  6  7  8  9 10 |
---------------+-------------------------------+-----
Short Blades   | 2 3 |  3.3
Spellcasting   | 3 4 5 6 8 9 |  9.0
Dodging        | 3 4 |  4.5
Armour         | 2 3 4 5 |  5.3
Axes           | 1 2 |  2.6
Shields        | 1 2 |  2.4
Fighting       | 3 |  3.2
Throwing       | 1 |  1.1
Stealth        | |  0.6

Action                     |  1- 3 |  4- 6 |  7- 9 | 10-12 || total
---------------------------+-------+-------+-------+-------++-------
  Melee: Short sword       |    80 |    15 |       |       ||    95
         Hand axe          |       |    49 |    47 |     4 ||   100
         Dagger            |       |       |    78 |   105 ||   183
         Punch             |       |       |     4 |       ||     4
  Throw: Dart              |       |       |     6 |       ||     6
         Boomerang         |       |       |     1 |       ||     1
   Cast: Necrotise         |    28 |   103 |    48 |       ||   179
         Momentum Strike   |       |     1 |     1 |       ||     2
         Inner Flame       |       |       |    27 |     7 ||    34
         Stone Arrow       |       |       |    29 |     2 ||    31
 Invoke: Heroism           |       |       |       |     2 ||     2
    Use: Scroll            |       |       |    10 |     2 ||    12
 Armour: Leather armour    |     6 |       |       |       ||     6
         Ring mail         |    36 |    32 |    31 |     4 ||   103
  Dodge: Dodged            |    61 |    58 |    74 |    75 ||   268
  Block: Other             |       |    10 |    25 |     3 ||    38
         Reflection        |       |     1 |       |     2 ||     3
         Orb               |       |       |       |    22 ||    22

Table legend: (Time is in decaauts)
 A = Elapsed time spent in this place.
 B = Non-inter-level travel time spent in this place.
 C = Inter-level travel time spent in this place.
 D = Time resting spent in this place.
 E = Time spent auto-exploring this place.
 F = Levels seen in this place.
 G = Mean time per level.
                   A        B        C        D        E       F      G
               +--------+--------+--------+--------+--------+-----+--------+
         Total |   9131 |   8831 |    300 |    749 |   6321 |   9 | 1014.6 |
       Dungeon |   8942 |   8660 |    282 |    749 |   6175 |   8 | 1117.8 |
        Temple |    188 |    170 |     18 |      0 |    146 |   1 |  188.0 |
               +--------+--------+--------+--------+--------+-----+--------+

Top non-repeatable levels by time:
     D:7: 1420 daAuts
     D:6: 1303 daAuts
     D:2: 1155 daAuts
     D:1: 1143 daAuts
     D:5: 1040 daAuts
     D:4: 1031 daAuts
     D:8: 966 daAuts
     D:3: 882 daAuts
  Temple: 188 daAuts
